 Dungeon Crawl Stone Soup version 0.24-a0-443-g80245de385 (webtiles) character file.

Game seed: 12790091314706699606

1318 nikopol the Thaumaturge (level 8, -1/43 HPs)
             Began as a Deep Elf Fire Elementalist on June 21, 2019.
             Was an Initiate of Vehumet.
             Slain by Pikel
             ... wielding a +0 whip of freezing
              (5 damage)
             ... on level 5 of the Dungeon.
             The game lasted 00:10:56 (4134 turns).

nikopol the Thaumaturge (DEFE)                      Turns: 4134, Time: 00:10:57

Health: -1/43      AC:  0    Str:  5    XL:     8   Next: 33%
Magic:  19/22      EV: 16    Int: 23    God:    Vehumet [......]
Gold:   239        SH:  0    Dex: 15    Spells: 14/24 levels left

rFire    . . .     SeeInvis .   (weapon currently unavailable)
rCold    . . .     Gourm    +   (shield currently unavailable)
rNeg     . . .     Faith    .   (armour currently unavailable)
rPois    .         Spirit   .   (helmet currently unavailable)
rElec    .         Reflect  .   (cloak currently unavailable)
rCorr    .         Harm     .   (gloves currently unavailable)
MR       .....                  (boots currently unavailable)
Stlth    ++........             k - amulet of the gourmand
HPRegen  0.14/turn              (ring currently unavailable)
MPRegen  0.18/turn              (ring currently unavailable)

@: pig-form (expiring), very quick
A: small
a: Renounce Religion


You were on level 5 of the Dungeon.
You worshipped Vehumet.
Vehumet was noncommittal.
You were very full.
You were a filthy swine.
You visited 2 branches of the dungeon, and saw 6 of its levels.

You collected 239 gold pieces.

Inventory:

Armour
 a - a +0 robe (melded)
 h - a +0 pair of gloves (melded)
 v - a +0 helmet (melded)
Magical Staves
 s - an uncursed staff of poison (melded)
Jewellery
 k - an amulet of the gourmand (around neck)
Wands
 w - a wand of acid (8)
Scrolls
 b - a scroll of fear {unknown}
 d - 4 scrolls of remove curse {unknown}
 e - a scroll of noise {unknown}
 g - 3 scrolls of amnesia {unknown}
 j - 6 scrolls of identify {unknown}
 n - a scroll of teleportation {unknown}
 r - a scroll of enchant weapon {unknown}
 u - a scroll of immolation {unknown}
 x - a scroll of blinking {unknown}
Potions
 f - a potion of invisibility {unknown}
 i - a potion of agility {unknown}
 l - 5 potions of curing {unknown}
 m - a potion of berserk rage {unknown}
 o - 3 potions of haste {unknown}
 p - 2 potions of heal wounds {unknown}
 q - a potion of magic {unknown}
 t - 2 potions of mutation {unknown}
Comestibles
 c - 11 rations


   Skills:
 + Level 1.1 Fighting
 + Level 3.6 Dodging
 + Level 3.6 Stealth
 + Level 8.5 Spellcasting
 + Level 5.1 Conjurations
 + Level 6.9 Fire Magic


You had 14 spell levels left.
You knew the following spells:

 Your Spells              Type           Power        Failure   Level  Hunger
a - Flame Tongue          Conj/Fire      #####        1%          1    None
b - Throw Flame           Conj/Fire      #####.       1%          2    None
c - Conjure Flame         Conj/Fire      #####...     1%          3    None
d - Sticky Flame          Conj/Fire      #####...     5%          4    ##.....

Your spell library contained the following spells:

 Spells                   Type           Power        Failure   Level  Hunger
 Inner Flame              Hex/Fire       ####....     4%          3    None
 Fireball                 Conj/Fire      #####.....   16%         5    #####..


Dungeon Overview and Level Annotations

Branches:
Dungeon (5/15)             Temple (1/1) D:5

Altars:
Ashenzari
Cheibriados
Dithmenos
Elyvilon
Gozag
Hepliaklqana
Makhleb
Nemelex Xobeh
Okawaru
Qazlal
Ru
Sif Muna
Trog
Vehumet
Wu Jian
The Shining One

Annotations:
D:5 Pikel


Message History

Pikel is heavily wounded.
The slave hits you.
Pikel hits you with a +0 whip of freezing!
* * * LOW HITPOINT WARNING * * *
Pikel freezes you.
* * * LOW HITPOINT WARNING * * *
You hit Pikel but do no damage.
Pikel is heavily wounded.
The slave closely misses you.
Pikel zaps a wand.
You easily resist.
You closely miss Pikel.
Pikel is heavily wounded.
The slave misses you.
You closely miss Pikel.
Pikel is heavily wounded.
Your transformation is almost over.
Pikel hits you but does no damage. The slave barely misses you.
You hit Pikel but do no damage.
Pikel is heavily wounded.
Pikel hits you with a +0 whip of freezing.
You die...

##################
#................###
#.#####............# #.#
#.########<#.# ..# #.# #.#.#
..# #.########p#.#
..#####.......##p#.#
........##.#..##h#.#
.##....###.#..##K#.############
.##....###.#...pp...........(.#
#.......##.#.###...##.#######(#
#..........#.# #...##.# #.#
#.......##..#.##...##.# #)#
.##........###.....##.# ##.##
###...###...#.###.###.# #...##
........#..#.####.#
#p######.....


You could see Pikel and 4 slaves.

Vanquished Creatures
  Sigmund (D:4)
  Eustachio (D:5)
  An ogre (D:5)
  A phantom (D:4)
  2 centaurs (D:5)
  6 killer bees (D:5)
  A hound (D:4)
  An orc priest (D:5)
  A centaur skeleton (D:5)
  Jessica (D:3)
  An iguana (D:5)
  2 worker ants (D:5)
  A hound skeleton (D:5)
  4 gnolls (D:4)
  10 adders
  3 adder skeletons
  3 worms
  3 dart slugs
  4 leopard geckos
  8 orcs
  9 giant cockroaches
  5 goblins
  8 hobgoblins
  5 kobolds
  2 ball pythons
  8 bats
  6 frilled lizards
  7 rats
105 creatures vanquished.

Notes
Turn   | Place    | Note
-------+----------+-------------------------------------------
     0 | D:1      | nikopol the Deep Elf Fire Elementalist began the quest for
                  | the Orb.
     0 | D:1      | Reached XP level 1. HP: 10/10 MP: 6/6
   187 | D:1      | Reached XP level 2. HP: 15/15 MP: 6/8
   562 | D:2      | Reached XP level 3. HP: 19/19 MP: 7/10
   852 | D:2      | Found a stormy altar of Qazlal.
   869 | D:2      | Reached skill level 4 in Spellcasting
  1081 | D:2      | You fall into a shaft and drop 1 floor!
  1082 | D:3      | Noticed Jessica
  1094 | D:3      | Reached XP level 4. HP: 24/24 MP: 7/12
  1098 | D:3      | Learned a level 2 spell: Throw Flame
  1102 | D:3      | Learned a level 3 spell: Conjure Flame
  1252 | D:3      | Found a sacrificial altar of Ru.
  1439 | D:3      | Found a burning altar of Makhleb.
  1588 | D:3      | Killed Jessica
  1588 | D:3      | Reached XP level 5. HP: 28/28 MP: 5/14
  1599 | D:3      | Learned a level 4 spell: Sticky Flame
  1605 | D:3      | Found a deep blue altar of Sif Muna.
  1686 | D:3      | Found a white marble altar of Elyvilon.
  1686 | D:3      | Found a shadowy altar of Dithmenos.
  1911 | D:4      | Reached skill level 5 in Spellcasting
  2117 | D:4      | Noticed Sigmund
  2175 | D:4      | Killed Sigmund
  2175 | D:4      | Reached skill level 6 in Spellcasting
  2175 | D:4      | Reached skill level 5 in Fire Magic
  2175 | D:4      | Reached XP level 6. HP: 19/33 MP: 5/17
  2431 | D:4      | Found a shattered altar of Ashenzari.
  2585 | D:4      | Found an iron altar of Okawaru.
  2940 | D:5      | Entered Level 5 of the Dungeon
  2946 | D:5      | Reached XP level 7. HP: 36/37 MP: 15/19
  3154 | D:5      | Reached skill level 7 in Spellcasting
  3364 | D:5      | Reached skill level 1 in Fighting
  3544 | D:5      | Noticed Eustachio
  3549 | D:5      | Killed Eustachio
  3549 | D:5      | Reached skill level 8 in Spellcasting
  3549 | D:5      | Reached XP level 8. HP: 36/43 MP: 15/22
  3674 | D:5      | Reached skill level 5 in Conjurations
  3870 | D:5      | Found a staircase to the Ecumenical Temple.
  3879 | Temple   | Entered the Ecumenical Temple
  3920 | Temple   | Became a worshipper of Vehumet
  4086 | D:5      | Noticed Pikel
  4134 | D:5      | Slain by Pikel

Levels and vault maps discovered:
D:1:      giann_wishing_wells, layout_basic
D:2:      layout_basic, nicolae_qazlal_general_emergency
D:3:      layout_basic, tgw_sif, nicolae_overflow_crystal_walls,
          gammafunk_temple_overflow_elements, nicolae_ru_awakened_eye
D:4:      layout_basic, ashenzari_altar_1, lemuel_crystal_altar, first_ration,
          uniq_sigmund
D:5:      layout_loops_ring, temple_statues, uniq_eustachio, uniq_pikel
Temple:   jpeg_temple_island

Skill      XL: |  1  2  3  4  5  6  7  8 |
---------------+-------------------------+-----
Dodging        | 3 |  3.6
Fire Magic     | 4 5 6 |  6.9
Spellcasting   | 4 6 8 |  8.5
Conjurations   | 2 3 4 5 |  5.1
Stealth        | 3 |  3.6
Fighting       | 1 |  1.1

Action                   |  1- 3 |  4- 6 |  7- 9 || total
-------------------------+-------+-------+-------++-------
Melee: Unarmed           |       |       |    11 ||    11
 Cast: Flame Tongue      |    74 |    94 |    61 ||   229
       Throw Flame       |       |     3 |     1 ||     4
       Conjure Flame     |       |     2 |     2 ||     4
       Sticky Flame      |       |       |    11 ||    11
  Eat: Chunk             |       |    18 |     4 ||    22
Armor: Robe              |     6 |     4 |     4 ||    14
Dodge: Dodged            |    11 |    22 |    32 ||    65

Table legend:
 A = Non-vault XP
 B = Vault XP
 C = Vault XP percentage of total XP
 D = Non-vault monster count
 E = Vault monster count
 F = Vault count percentage of total count
                 A         B        C        D         E       F
            +---------+---------+-------+---------+---------+-------
      Total |    1417 |     467 |  24.8 |     102 |       3 |   2.9
            +---------+---------+-------+---------+---------+-------
        D:1 |      39 |       0 |   0.0 |      22 |       0 |   0.0
        D:2 |      50 |       0 |   0.0 |      20 |       0 |   0.0
        D:3 |      76 |      37 |  32.7 |      15 |       1 |   6.2
        D:4 |     286 |     227 |  44.2 |      18 |       1 |   5.3
        D:5 |     966 |     203 |  17.4 |      27 |       1 |   3.6
            +---------+---------+-------+---------+---------+-------
